 Dungeon Crawl Stone Soup version 0.30.1-11-g7821555f0a (webtiles) character file.

Game seed: 478750433429607680

157 pkoi the Insei (level 5, -1/45 HPs)
             Began as a Draconian Monk on Nov 14, 2023.
             Was a Believer of Ru.
             Slain by a gnoll
             ... wielding a +0 halberd
              (14 damage)
             ... on level 3 of the Dungeon.
             The game lasted 00:03:10 (2741 turns).

pkoi the Insei (Draconian Monk)                     Turns: 2741, Time: 00:03:11

Health: -1/45      AC:  5    Str: 13    XL:     5   Next: 15%
Magic:  5/5        EV: 12    Int: 12    God:    Ru [**....]
Gold:   153        SH:  0    Dex: 14    Spells: 4/4 levels left

rFire   + .          .
                       - Unarmed
rCold   + . .        j - orb {light}
rNeg    . . .        (body armour unavailable)
rPois   .            (helmet restricted)
rElec   .            l - scarf {rC+ rF+}
rCorr   .            (no gloves)
SInv    .            (no boots)
Will    .....        (no amulet)
Stlth   +            (no ring)
HPRegen 0.27/turn    (no ring)
MPRegen 0.09/turn

%: no passive effects
@: confused, ambrosia-drunk, glowing
A: AC +5, unfitting armour, cold-blooded, hated by all
a: Renounce Religion


You were on level 3 of the Dungeon.
You worshipped Ru.
Ru was pleased with you.
You visited 1 branch of the dungeon, and saw 3 of its levels.

You collected 153 gold pieces.

Inventory:

Hand Weapons
 b - a +1 sling of freezing
 d - a +1 short sword
Armour
 j - an orb of light (worn)
 l - a scarf of resistance (worn)
Wands
 c - a wand of acid (7)
Scrolls
 e - a scroll of fear
 f - a scroll of enchant weapon
 h - a scroll of fog
 i - 3 scrolls of identify
Potions
 g - a potion of invisibility
 k - a potion of might
 m - a potion of heal wounds


   Skills:
 - Level 3.2 Fighting
 - Level 2.6 Dodging
 + Level 5.6 Unarmed Combat
 + Level 1.5 Evocations


You had 4 spell levels left.
You didn't know any spells.
Your spell library contained the following spells:

 Spells                   Type           Power      Damage    Failure   Level
 Kiss of Death            Conj/Necr      0%         2d5       32%         1
 Confusing Touch          Hex            0%         N/A       69%         3
 Dispel Undead            Necr           0%         3d6       97%         4
 Malign Gateway           Summ/Tloc      Unusable   N/A       N/A         7
 Summon Horrible Things   Summ           Unusable   N/A       N/A         8

Dungeon Overview and Level Annotations

Branches:
Dungeon (3/15)

Altars:
Ru


Innate Abilities, Weirdness & Mutations

Your plain brown scales are hard. (AC +5)
You cannot fit into any form of body armour.
You are cold-blooded and may be slowed by cold attacks.
You are hated by all.


Message History

You feel resistant to extremes of temperature.
m - a potion of heal wounds You now have 153 gold pieces (gained 8).
You pick up a book of Touch and begin reading...
You add the spells Kiss of Death, Confusing Touch and Dispel Undead to your library.
Found a ring mail.
Okay, then.
You see here a +0 ring mail.
Found a dagger.
Found 9 stones.
Found an escape hatch in the ceiling.
n - a scroll labelled KILOFF TANAKA
As you read the scroll labelled KILOFF TANAKA, it crumbles to dust.
You feel strangely unstable.
It was a scroll of teleportation.
Okay, then.
Your surroundings suddenly seem different.
Found a stone staircase leading down.
A gnoll comes into view. It is wielding a +0 flail.
The gnoll shouts!
You hear a shout!
The gnoll moves out of view.
A gnoll comes into view. It is wielding a +0 halberd.
There are monsters nearby!
A gnoll comes into view. It is wielding a +0 flail.
The gnoll hits you from afar with a +0 halberd!
The gnoll shouts!
The gnoll hits you with a +0 halberd.
You hit the gnoll but do no damage. The gnoll hits you with a +0 halberd!
You barely miss the gnoll. The gnoll hits you with a +0 halberd!
* * * LOW HITPOINT WARNING * * *
You punch the gnoll!
You tail-slap the gnoll, but do no damage.
The gnoll is heavily wounded.
The gnoll completely misses you.
You hit the gnoll.
The gnoll is heavily wounded.
The gnoll hits you but does no damage.
An orc comes into view. It is wielding a +0 whip.
You are confused.
You feel invigorated. The gnoll hits you with a +0 halberd!
You die...

### #.# # #########
#.# #.# # #.......#
#.# #.# # #.#####.#
#.# #.### #.# #.###.#
#.... #.#
#.....#####.### #.#
####.........##
#.########.#.###.....
#...@ggg##.#.# #....#
#######o.#.#.# #....#
....... #..#..
..#.#g# #..#..
..............
......#.#.##..
.............. ......
..###. # ##


You could see 3 gnolls and an orc.

Vanquished Creatures
  An orc priest (D:2)
  An orc wizard (D:3)
  Ijyb (D:3)
  An adder (D:2)
  A dart slug (D:2)
  A worm (D:2)
  An orc (D:2)
  5 endoplasms
  5 giant cockroaches
  5 hobgoblins
  3 jackals (D:3)
  5 kobolds
  2 quokkas
  10 ball pythons
  7 bats
  5 frilled lizards
  6 goblins
  3 rats
63 creatures vanquished.

Notes
Turn   | Place    | Note
-------+----------+-------------------------------------------
     0 | D:1      | pkoi the Draconian Monk began the quest for the Orb.
     0 | D:1      | Reached XP level 1. HP: 19/19 MP: 1/1
   142 | D:1      | Reached XP level 2. HP: 25/26 MP: 2/2
   436 | D:1      | Reached skill level 4 in Unarmed Combat
  1095 | D:2      | Reached XP level 3. HP: 31/31 MP: 3/3
  1628 | D:2      | Found a sacrificial altar of Ru.
  1727 | D:2      | Found a faded altar of an unknown god.
  2042 | D:2      | Became a worshipper of Ru the Awakened
  2053 | D:2      | Gained mutation: You are hated by all. [Ru sacrifice]
  2053 | D:2      | Reached * piety under Ru
  2053 | D:2      | Reached ** piety under Ru
  2123 | D:3      | Reached XP level 4. HP: 38/38 MP: 4/4
  2127 | D:3      | Noticed Ijyb
  2143 | D:3      | Killed Ijyb
  2144 | D:3      | Reached skill level 5 in Unarmed Combat
  2476 | D:2      | Reached skill level 1 in Evocations
  2501 | D:3      | Reached XP level 5. HP: 29/45 MP: 5/5
  2741 | D:3      | Slain by a gnoll

Illustrated notes

Levels and vault maps discovered:
D:1:      elethiomel_arrival_maze, layout_loops_ring, kennysheep_another_room,
          minmay_close_crescents
D:2:      layout_loops_corners, basic_altar, hellmonk_ecumenical_altar_run_dry
D:3:      layout_basic, hangedman_glass_teeth, uniq_ijyb, uniq_grinder

Skill      XL: |  1  2  3  4 |
---------------+-------------+-----
Unarmed Combat | 4 5 |  5.6
Evocations     | 1 |  1.5
Fighting       | |  3.2
Dodging        | |  2.6

Action                     |  1- 3 |  4- 6 || total
---------------------------+-------+-------++-------
  Melee: Unarmed           |   126 |    52 ||   178
         Tailslap          |    14 |     6 ||    20
   Fire: Sling             |     6 |       ||     6
 Invoke: Sacrifice Love    |     1 |       ||     1
    Use: Scroll            |     7 |     1 ||     8
         Potion            |     5 |     2 ||     7
 Armour: Skin              |    32 |    13 ||    45
  Dodge: Dodged            |    66 |    33 ||    99
